 Dungeon Crawl Stone Soup version 0.21.1-1-g345015f (webtiles) character file.

83 Lilu the Conjurer (level 4, -1/24 HPs)
             Began as a Deep Elf Conjurer on Aug 1, 2018.
             Killed by divine providence
             ... invoked by an orc priest
              (11 damage)
             ... on level 3 of the Dungeon.
             The game lasted 00:05:17 (2113 turns).

Lilu the Conjurer (Deep Elf Conjurer)               Turns: 2113, Time: 00:05:17

Health: -1/24      AC:  3    Str:  6    XL:     4   Next: 22%
Magic:  10/10      EV: 13    Int: 20    God:
Gold:   107        SH:  0    Dex: 15    Spells: 6/9 levels left

rFire    . . .     SeeInvis .   g - +0 dagger
rCold    . . .     Gourm    .   (no shield)
rNeg     . . .     Faith    .   a - +0 robe
rPois    .         Spirit   .   (no helmet)
rElec    .         Reflect  .   (no cloak)
rCorr    .         Harm     .   (no gloves)
MR       .....                  k - +0 pair of boots
Stlth    ++........             (no amulet)
HPRegen  0.08/turn              (no ring)
MPRegen  0.12/turn              (no ring)

@: no status effects
A: no striking features
a: no special abilities


You were on level 3 of the Dungeon.
You were hungry.

You visited 1 branch of the dungeon, and saw 3 of its levels.

You collected 107 gold pieces.

Inventory:

Hand Weapons
 e - a +0 whip
 g - a +0 dagger (weapon)
Armour
 a - a +0 robe (worn)
 k - a +0 pair of boots (worn)
Wands
 o - a wand of random effects (29)
Scrolls
 f - a scroll of amnesia {unknown}
 h - a scroll of random uselessness {unknown}
 i - a scroll of teleportation {unknown}
 j - 2 scrolls of fog {unknown}
 l - 2 scrolls of enchant armour {unknown}
 m - a scroll of blinking {unknown}
 n - a scroll of magic mapping {unknown}
Potions
 d - 2 potions of magic {unknown}
 p - 2 potions of degeneration {unknown}
Books
 b - a book of Conjurations

   Spells                             Type                      Level
   a - Magic Dart                     Conjuration                  1
   b - Searing Ray                    Conjuration                  2
   c - Dazzling Spray                 Conjuration/Hexes            3
   d - Fulminant Prism                Conjuration/Hexes            4
   e - Force Lance                    Conjuration/Translocation    4
   f - Iskenderun's Mystic Blast      Conjuration                  4
Comestibles
 c - 3 rations


   Skills:
 - Level 2.4 Dodging
 - Level 2.4 Stealth
 - Level 3.0 Spellcasting
 + Level 6.3 Conjurations


You had 6 spell levels left.
You knew the following spells:

 Your Spells              Type           Power        Failure   Level  Hunger
a - Magic Dart            Conj           ####         1%          1    None
b - Searing Ray           Conj           ####..       1%          2    ##.....


Dungeon Overview and Level Annotations

Branches:
Dungeon (3/15)

Altars:


Message History

Okay, then.
You now have 95 gold pieces (gained 18).
p - 2 sedimented cyan potions
Things that are here:
a club; a ring mail
Found a stone staircase leading up.
You now have 107 gold pieces (gained 12).
You see here a leather armour.
An orc and an orc priest come into view.
The orc priest shouts!
You hear a shout!
The orc priest begins to cast a cantrip, but forgets the words!
The orc priest invokes the aid of Beogh against you.
Beogh smites you!
Ouch! That really hurt!
You hear a shout!
A kobold comes into view.
You see here a frilled lizard skeleton.
The orc priest invokes the aid of Beogh against you.
Beogh smites you!
You die...

#.# ...# #.# #..# .. #o#
...# # ##### ≈≈≈.
#.###.##.# #....
≈≈..##........# #.###
≈≈≈≈....[...#### #.#
≈≈≈≈........# #.#
≈≈≈≈.......÷#### #.#
≈≈≈.........@..##########.#
≈≈≈......)......[.........#
≈≈≈..######....############
≈≈≈.≈ #....# .≈. #....#
#....# ......# ###....#
#....#


You could see an orc priest.

Vanquished Creatures
  Ijyb (D:3)
  2 adders
  2 leopard geckos
  4 giant cockroaches
  6 goblins
  5 hobgoblins
  7 bats (D:1)
  3 frilled lizards
  3 kobolds
  8 rats
41 creatures vanquished.

Notes
Turn   | Place    | Note
-------+----------+-------------------------------------------
     0 | D:1      | Lilu the Deep Elf Conjurer began the quest for the Orb.
     0 | D:1      | Reached XP level 1. HP: 10/10 MP: 6/6
   307 | D:1      | Reached XP level 2. HP: 15/15 MP: 1/8
   409 | D:1      | Reached skill level 5 in Conjurations
  1069 | D:2      | Learned a level 2 spell: Searing Ray
  1143 | D:2      | Reached XP level 3. HP: 19/19 MP: 6/9
  1791 | D:3      | Noticed Ijyb
  1792 | D:3      | Reached skill level 6 in Conjurations
  1851 | D:3      | Killed Ijyb
  1851 | D:3      | Reached XP level 4. HP: 23/24 MP: 1/10
  2113 | D:3      | Killed from afar by an orc priest

Skill      XL: |  1  2  3 |
---------------+----------+-----
Conjurations   | 5 6 |  6.3
Dodging        | |  2.4
Stealth        | |  2.4
Spellcasting   | |  3.0

Action                   |  1- 3 |  4- 6 || total
-------------------------+-------+-------++-------
Melee: Dagger            |     4 |       ||     4
 Cast: Magic Dart        |    68 |     3 ||    71
       Searing Ray       |     3 |       ||     3
  Eat: Chunk             |     2 |     1 ||     3
Armor: Robe              |     1 |       ||     1
Dodge: Dodged            |    11 |       ||    11
